 Dungeon Crawl Stone Soup version 0.28.0 (webtiles) character file.

Game seed: 14918101922341547023

4806 mkm the Cleaver (level 10, -2/90 HPs)
             Began as a Minotaur Berserker on Feb 9, 2022.
             Was an Elder of Trog.
             Killed from afar by a tengu conjurer (20 damage)
             ... with a bolt of lightning
             ... on level 8 of the Dungeon.
             The game lasted 00:17:48 (7285 turns).

mkm the Cleaver (Minotaur Berserker)                Turns: 7285, Time: 00:17:49

Health: -2/90      AC: 16    Str: 28    XL:     10   Next: 24%
Magic:  9/9        EV: 10    Int:  4    God:    Trog [****..]
Gold:   490        SH:  0    Dex: 20    Spells: 9/9 levels left

rFire   x . .      SeeInvis .   y - +0 war axe (venom)
rCold   . . .      Faith    .   (no shield)
rNeg    + + .      Spirit   .   v - +0 plate armour
rPois   .          Reflect  .   (helmet restricted)
rElec   .          Harm     .   r - scarf {repulsion}
rCorr   .          Rampage  .   (no gloves)
Will    .....                   p - +0 pair of boots
Stlth   ..........              c - amulet of Ulises {RegenMP rF- rN++ Slay+4}
HPRegen 0.25/turn               w - +6 ring of dexterity
MPRegen 0.51/turn               x - +6 ring of strength

@: repel missiles
A: horns 2, retaliatory headbutt
a: Renounce Religion, Berserk, Trog's Hand, Brothers in Arms


You were on level 8 of the Dungeon.
You worshipped Trog.
Trog was greatly pleased with you.
You visited 1 branch of the dungeon, and saw 8 of its levels.

You collected 490 gold pieces.

Inventory:

Hand Weapons
 a - a +0 mace
 y - a +0 war axe of venom (weapon)
Armour
 p - a +0 pair of boots (worn)
 r - a scarf of repulsion (worn)
 v - a +0 plate armour (worn)
Jewellery
 c - the amulet of Ulises (around neck) {RegenMP rF- rN++ Slay+4}
   (You found it on level 4 of the Dungeon)

   [amulet of magic regeneration]

   It increases your rate of magic regeneration.
   Slay:      It affects your accuracy & damage with ranged weapons and melee
   (+4).
   rF:        It makes you vulnerable to fire.
   rN:        It greatly protects you from negative energy.
 h - a ring of ice
 w - a +6 ring of dexterity (left hand)
 x - a +6 ring of strength (right hand)
Wands
 q - a wand of flame (61)
Scrolls
 e - 2 scrolls of teleportation {unknown}
 i - 4 scrolls of amnesia {unknown}
 j - 2 scrolls of immolation {unknown}
 l - 3 scrolls of blinking {unknown}
 z - 4 scrolls of noise {unknown}
Potions
 b - a potion of lignification
 d - a potion of cancellation
 g - 4 potions of ambrosia
 k - a potion of curing
 m - 2 potions of flight
 n - a potion of berserk rage
 o - a potion of haste
 s - a potion of resistance {unknown}
 t - a potion of might {unknown}
 u - 2 potions of degeneration {unknown}


   Skills:
 + Level 8.8 Fighting
 + Level 11.7(12.0) Axes
 - Level 3.7(8.4) Maces & Flails
 + Level 10.2 Armour
 + Level 4.8 Dodging


You had 9 spell levels left.
You didn't know any spells.
Your spell library was empty.

Dungeon Overview and Level Annotations

Branches:
Dungeon (8/15)             Temple (0/1) D:4
   Lair: D:8-11

Altars:
Ashenzari
Elyvilon
Fedhas
Hepliaklqana
Nemelex Xobeh
Sif Muna
Uskayaw
Xom
The Shining One

Shops:
D:2 (?![

Annotations:
D:5 3 runed translucent doors, Ajdolov's ghost, novice OpEE; PaladinM's ghost, amateur DsGl; braks's ghost, novice DrMo


Innate Abilities, Weirdness & Mutations

You have a pair of horns on your head.
You reflexively headbutt those who attack you in melee.


Message History

The tengu warrior claws you. The tengu warrior blocks your attack.
The tengu warrior is moderately wounded.
The tengu warrior completely misses you.
You furiously retaliate!
You headbutt the tengu warrior!
The tengu warrior pecks you but does no damage.
The tengu warrior claws you but does no damage.
You fail to use your ability.
The tengu conjurer completely misses you.
You furiously retaliate!
You headbutt the tengu conjurer!
The tengu conjurer barely misses you. x2
The tengu warrior hits you with a +0 long sword.
The tengu warrior pecks you.
The tengu warrior claws you but does no damage.
You fail to use your ability.
The tengu conjurer hits you. The tengu conjurer closely misses you.
The tengu conjurer claws you but does no damage.
The tengu warrior misses you.
The tengu warrior pecks you but does no damage.
The tengu warrior claws you but does no damage.
Unknown command.
The tengu conjurer gestures at you while chanting.
The bolt of lightning hits you!!
* * * LOW HITPOINT WARNING * * *
You feel better.
The tengu conjurer casts a spell.
The tengu conjurer blinks!
The tengu warrior hits you with a +0 long sword!
* * * LOW HITPOINT WARNING * * *
The tengu warrior pecks you but does no damage.
The tengu warrior claws you.
* * * LOW HITPOINT WARNING * * *
You feel better.
The tengu warrior hits you but does no damage.
The tengu warrior pecks you but does no damage.
The tengu warrior barely misses you.
You fail to use your ability.
The tengu conjurer casts a spell at you.
The bolt of lightning hits you!!
You die...

#......>.####.#.##...###..#
#......#.####.#..##....#..#
#........)....##.....#...#
#.....#.#<..)..##..###..#
#.........##)#..##.....#
#..........#.....###'###
#........#.#..*..#...#.# #
#.....##.....ยง...#.#.#.##.##
##########.@Q....'.#.#.).Q.K
###.....#.###.# #.Q...#.*)..#
#)....###)### #....##..##
#...##.## #..##. ##.##


You could see a tengu warrior, a tengu conjurer and a battlesphere.

Vanquished Creatures
  The ghost of p0werm0de the Shield-Bearer, a novice MiFi of Gozag (D:7)
  Pikel (D:7)
  Menkaure (D:7)
  2 acid dragons
  Duvessa (D:7)
  An orc warrior (D:6)
  2 black bears
  A necrophage (D:4)
  4 centaurs
  A lemure (D:7)
  A phantom (D:7)
  2 kobold brigands
  4 bullfrogs
  A gnoll sergeant (D:4)
  2 scorpions
  A water moccasin zombie (D:3)
  Dowan (D:7)
  4 killer bees (D:8)
  A bullfrog zombie (D:7)
  3 hounds
  A jelly (D:3)
  A gnoll shaman (D:4)
  2 bullfrog skeletons (D:5)
  A centaur skeleton (D:5)
  2 orc wizards
  An iguana (D:7)
  2 hound skeletons
  A howler monkey zombie (D:3)
  Robin (D:2)
  13 gnolls
  5 adders
  A shadow imp (D:7)
  A white imp (D:8)
  An ufetubus (D:6)
  2 adder skeletons (D:4)
  A dart slug (D:2)
  11 orcs
  3 ball pythons
  4 endoplasms
  4 giant cockroaches
  12 hobgoblins
  5 jackals
  5 quokkas
  6 bats
  4 frilled lizards
  11 goblins
  14 kobolds
  7 rats
157 creatures vanquished.

Vanquished Creatures (collateral kills)
  A two-headed ogre (D:8)
  An ugly thing (D:8)
  A kobold demonologist (D:8)
3 creatures vanquished.

Vanquished Creatures (others)
  3 withered plants (D:5)
3 creatures vanquished.

Grand Total: 163 creatures vanquished

Notes
Turn   | Place    | Note
-------+----------+-------------------------------------------
     0 | D:1      | mkm the Minotaur Berserker began the quest for the Orb.
     0 | D:1      | Reached XP level 1. HP: 19/19 MP: 0/0
   460 | D:1      | Found a faded altar of an unknown god.
   492 | D:1      | Reached XP level 2. HP: 27/27 MP: 1/1
   902 | D:1      | Found a glowing golden altar of the Shining One.
  1284 | D:2      | Found Mefodek's Armour Emporium.
  1336 | D:2      | Reached XP level 3. HP: 34/34 MP: 2/2
  1337 | D:2      | Reached ** piety under Trog
  1355 | D:2      | Found Qeurahag's Magic Scroll Shoppe.
  1422 | D:2      | Reached skill level 1 in Axes
  1711 | D:2      | Found Fecramai's Distillery.
  1749 | D:2      | Noticed Robin
  1760 | D:2      | Killed Robin
  1761 | D:2      | Reached XP level 4. HP: 30/41 MP: 3/3
  1768 | D:2      | Reached skill level 2 in Axes
  1932 | D:2      | Found Beysan's Weapon Shoppe.
  2147 | D:3      | Found a shimmering altar of Xom.
  2284 | D:3      | Reached skill level 5 in Fighting
  2284 | D:3      | Reached skill level 3 in Axes
  2284 | D:3      | Reached XP level 5. HP: 31/48 MP: 4/4
  2457 | D:3      | Found a hide-covered altar of Uskayaw.
  2459 | D:3      | Noticed a +0 hand axe
  2460 | D:3      | Noticed a +0 dagger
  2716 | D:4      | Reached skill level 4 in Axes
  2723 | D:4      | Reached XP level 6. HP: 35/56 MP: 5/5
  2725 | D:4      | Reached *** piety under Trog
  2968 | D:4      | Identified the amulet of Ulises {RegenMP rF- rN++ Slay+4}
  3402 | D:4      | Found a broken altar of Ashenzari.
  3545 | D:4      | Reached skill level 5 in Axes
  3545 | D:4      | Reached XP level 7. HP: 54/62 MP: 6/6
  3592 | D:4      | Found a staircase to the Ecumenical Temple.
  3595 | D:4      | Reached skill level 5 in Armour
  3624 | D:4      | Found a hazy altar of Hepliaklqana.
  3761 | D:5      | Entered Level 5 of the Dungeon
  3992 | D:5      | Reached skill level 6 in Axes
  4227 | D:5      | Reached skill level 7 in Axes
  4301 | D:5      | Reached XP level 8. HP: 71/71 MP: 7/7
  4388 | D:5      | Found a runed translucent gate.
  4389 | D:5      | Found a runed translucent gate.
  4390 | D:5      | Found a runed translucent gate.
  4391 | D:5      | Noticed PaladinM's ghost (amateur DsGl)
  4391 | D:5      | Noticed Ajdolov's ghost (novice OpEE)
  4392 | D:5      | Noticed braks's ghost (novice DrMo)
  5254 | D:6      | Reached skill level 8 in Axes
  5356 | D:6      | Found a sparkling altar of Nemelex Xobeh.
  5428 | D:6      | Found a shimmering blue altar of Sif Muna.
  5798 | D:7      | Noticed Dowan
  5804 | D:7      | Noticed Pikel
  5816 | D:7      | Killed Pikel
  5817 | D:7      | Reached skill level 9 in Axes
  5822 | D:7      | Reached XP level 9. HP: 71/79 MP: 8/8
  5823 | D:7      | Noticed Duvessa
  5824 | D:7      | Killed Dowan
  5835 | D:7      | Killed Duvessa
  5835 | D:7      | Reached **** piety under Trog
  6067 | D:7      | Found a runed translucent door.
  6347 | D:7      | Noticed Menkaure
  6353 | D:7      | Killed Menkaure
  6484 | D:7      | Reached skill level 10 in Axes
  6601 | D:7      | Found a blossoming altar of Fedhas.
  6644 | D:7      | Noticed p0werm0de's ghost (novice MiFi)
  6836 | D:7      | Killed p0werm0de's ghost
  7036 | D:8      | Found a white marble altar of Elyvilon.
  7185 | D:8      | Reached skill level 11 in Axes
  7257 | D:8      | Noticed a kobold demonologist
  7257 | D:8      | Noticed a tengu warrior
  7257 | D:8      | Noticed a white ugly thing
  7257 | D:8      | Noticed a tengu conjurer
  7262 | D:8      | Killed a white ugly thing
  7263 | D:8      | Reached XP level 10. HP: 90/90 MP: 9/9
  7264 | D:8      | Noticed a two-headed ogre
  7266 | D:8      | Killed a two-headed ogre
  7267 | D:8      | Reached skill level 10 in Armour
  7285 | D:8      | Killed from afar by a tengu conjurer

Illustrated notes

Levels and vault maps discovered:
D:1:      nzn_arrival_depleted_hourglass, layout_basic, serial_corexii_hall,
          corexii_hall_statues_x, corexii_hall_statues_i,
          hellmonk_ecumenical_altar_inner_sanctum, minmay_hexomino_r4
D:2:      layout_rooms, serial_shops, shop, shop, nicolae_shop_window_shopping,
          nicolae_shop_bloodbath_and_beyond, uniq_robin
D:3:      layout_rooms, amcnicky_altar_gilded, dancing_weapons_uskayaw
D:4:      layout_basic, minitemple, minmay_temple_entry_crystal_x,
          small_statue_intersection
D:5:      layout_basic, gammafunk_ghost_cemetery
D:6:      layout_gridville, old_standard_altar, nemelex_diamond_rough_becter
D:7:      layout_loops_cross, kennysheep_mini, gammafunk_ghost_grave,
          minivault_25, uniq_menkaure, uniq_pikel, uniq_duvessa
D:8:      minmay_the_grid_octo_tiled_octocenter
          [minmay_the_grid_octo_tetromino_candy, minmay_the_grid_octo_checkered,
          minmay_the_grid_octo_fat_diamond, minmay_the_grid_octo_fan_narrow,
          minmay_the_grid_octo_prize_square_snowflake,
          minmay_the_grid_square_5x5_shuriken, minmay_the_grid_square_5x5_v,
          minmay_the_grid_square_5x5_inset, minmay_the_grid_square_5x5_spiral],
          layout_rooms, mainiacjoe_overflow_small_starburst

Skill      XL: |  1  2  3  4  5  6  7  8  9 10 |
---------------+-------------------------------+-----
Fighting       | 4 5 6 7 8 |  8.8
Axes           | 1 3 4 5 7 9 11 | 11.7
Armour         | 3 4 6 7 9 10 | 10.2
Dodging        | 3 4 |  4.8
Maces & Flails | |  3.7

Action                   |  1- 3 |  4- 6 |  7- 9 | 10-12 || total
-------------------------+-------+-------+-------+-------++-------
Melee: Mace              |    11 |       |       |       ||    11
       Headbutt          |     9 |    25 |    50 |       ||    84
       Hand axe          |    87 |   119 |   197 |       ||   403
       Punch             |       |     1 |     3 |       ||     4
       War axe           |       |       |       |     1 ||     1
Invok: Trog's Hand       |       |       |     2 |       ||     2
       Berserk           |       |       |     1 |       ||     1
       Brothers in Arms  |       |       |     1 |       ||     1
  Use: Scroll            |     2 |     2 |     4 |       ||     8
       Potion            |       |       |       |     2 ||     2
Armor: Animal skin       |     8 |       |       |       ||     8
       Ring mail         |    26 |    23 |    23 |       ||    72
       Plate armour      |       |       |    66 |    10 ||    76
Dodge: Dodged            |    73 |    54 |   118 |     7 ||   252
       Repelled          |       |       |     2 |       ||     2
